 Dungeon Crawl Stone Soup version 0.30-a0-824-g6c64550be9 (webtiles) character file.

Game seed: 9760664332694060114

107 qeuew the Slasher (level 4, -1/35 HPs)
             Began as a Demonspawn Monk on Feb 27, 2023.
             Slain by an orc wizard
             ... wielding a +0 dagger
              (2 damage)
             ... on level 3 of the Dungeon.
             The game lasted 00:02:29 (1623 turns).

qeuew the Slasher (Demonspawn Monk)                 Turns: 1623, Time: 00:02:30

Health: -1/35      AC:  3    Str: 10 (11) XL:     4   Next: 56%
Magic:  4/4        EV: 13    Int: 11      God:
Gold:   101        SH:  0    Dex: 17 (18) Spells: 3/3 levels left

rFire   . . .      SeeInvis .    a - +0 falchion
rCold   . . .      Faith    .    (no shield)
rNeg    . . .      Spirit   .    b - +0 robe
rPois   .          Reflect  .    (no helmet)
rElec   .          Harm     .    (no cloak)
rCorr   .          Rampage  .    (no gloves)
Will    .....      Clarity  +    (no boots)
Stlth   ++                       (no amulet)
HPRegen 0.25/turn                (no ring)
MPRegen 0.09/turn                (no ring)

@: mighty
A: powered by pain 2, sharp scales 1, clarity
a: no special abilities


You were on level 3 of the Dungeon.
You visited 1 branch of the dungeon, and saw 3 of its levels.

You collected 101 gold pieces.

Inventory:

Hand Weapons
 a - a +0 falchion (weapon)
Armour
 b - a +0 robe (worn)
Scrolls
 i - a scroll of teleportation
Potions
 d - a potion of resistance
 e - a potion of berserk rage {unknown}
 g - a potion of flight
 h - a potion of curing {unknown}
 j - a potion of cancellation {unknown}


   Skills:
 + Level 3.5 Fighting
 * Level 3.6 Long Blades
 * Level 2.0 Armour
 + Level 3.1 Dodging
 - Level 1.7 Stealth


You had 3 spell levels left.
You didn't know any spells.
Your spell library contained the following spells:

 Spells                   Type           Power      Damage    Failure   Level
 Foxfire                  Conj/Fire      0%         2x1d4     34%         1
 Frozen Ramparts          Ice            0%         1d1       71%         3
 Ice Form                 Ice/Tmut       0%         N/A       98%         4
 Summon Ice Beast         Ice/Summ       0%         N/A       98%         4
 Fireball                 Conj/Fire      0%         3d3       100%        5
 Starburst                Conj/Fire      0%         6d3       100%        6


Dungeon Overview and Level Annotations

Branches:
Dungeon (3/15)

Altars:


Innate Abilities, Weirdness & Mutations

You sometimes gain power by taking damage.
You are partially covered in razor-sharp scales. (AC +1, Slay +1)
You possess an exceptional clarity of mind.


Message History

You slash the orc!
You kill the orc!
Something hits you. The orc hits you with a +0 hand axe.
* * * LOW HITPOINT WARNING * * *
You bump into the rock wall.
Something hits you but does no damage. The orc closely misses you.
The orc misses you. The orc attacks as you move away!
The orc closely misses you. The orc attacks as you move away!
The orc barely misses you. Something hits you but does no damage.
Something barely misses you. The orc attacks as you move away!
The orc closely misses you.
You closely miss something.
You hear some strange, mumbled words.
A magic dart appears from out of thin air!
The magic dart hits you!
You focus on the pain.
You feel very mighty all of a sudden. The orc hits you with a +0 club.
You're too confused to move!
You feel less invigorated.
You feel less confused.
You hear some strange, mumbled words.
A puff of flame appears from out of thin air!
The puff of flame hits you!
* * * LOW HITPOINT WARNING * * *
The orc closely misses you.
You miss something. Something hits you but does no damage.
You miss something. The hobgoblin completely misses you.
You closely miss something. The orc hits you with a +0 club.
* * * LOW HITPOINT WARNING * * *
The hobgoblin hits you.
* * * LOW HITPOINT WARNING * * *
Something hits you.
* * * LOW HITPOINT WARNING * * *
The orc closely misses you. The hobgoblin closely misses you.
You barely miss the orc. Something hits you.
* * * LOW HITPOINT WARNING * * *
The orc barely misses you. The hobgoblin misses you.
As you read the scroll labelled LOUCLO QAILIATODD, it crumbles to dust.
Wisps of shadow whirl around you...
It was a scroll of summoning.
Something hits you.
You die...

#.#
##.[###.#######.#
.# #...# #.# #.#
.# #..## #.# #.#
#..# #.# #.# #oh#
#.# #.# #oh# #..
..# #og# ### ##
#oh# #{@# #go#
#go# #)S# .....
...#....
...#.###... .. #
#.## . .#


You could see 2 orcs, a hobgoblin (ally target), a goblin, a ball python, a
friendly orc priest (summoned, wandering), 3 friendly orcs, 3 friendly jackals
and a friendly goblin (summoned).

Vanquished Creatures
  Terence (D:2)
  A gnoll (D:1)
  An adder (D:3)
  2 worms (D:2)
  A dart slug (D:1)
  3 orcs (D:3)
  7 ball pythons
  4 endoplasms
  4 goblins
  4 hobgoblins
  6 jackals
  5 kobolds
  5 bats
  4 frilled lizards
  4 rats (D:1)
52 creatures vanquished.

Notes
Turn   | Place    | Note
-------+----------+-------------------------------------------
     0 | D:1      | qeuew the Demonspawn Monk began the quest for the Orb.
     0 | D:1      | Reached XP level 1. HP: 18/18 MP: 1/1
    95 | D:1      | Gained mutation: You sometimes gain a little power by
                  | taking damage. [demonic ancestry]
    95 | D:1      | Reached XP level 2. HP: 16/24 MP: 2/2
   154 | D:1      | Reached skill level 1 in Armour
   261 | D:1      | Gained mutation: You are partially covered in razor-sharp
                  | scales. (AC +1, Slay +1) [demonic ancestry]
   261 | D:1      | Reached XP level 3. HP: 29/29 MP: 3/3
   523 | D:1      | Gained mutation: You possess an exceptional clarity of
                  | mind. [potion of mutation]
   610 | D:2      | Noticed Terence
   629 | D:2      | Killed Terence
   640 | D:2      | Gained mutation: You sometimes gain power by taking damage.
                  | [demonic ancestry]
   640 | D:2      | Reached XP level 4. HP: 24/35 MP: 4/4
  1622 | D:3      | HP: 1/35 [something (2)]
  1623 | D:3      | Slain by an orc wizard

Illustrated notes

Levels and vault maps discovered:
D:1:      psy_arrival_terrarium, layout_rooms
D:2:      layout_basic, uniq_terence
D:3:      layout_loops_ring

Skill      XL: |  1  2  3  4 |
---------------+-------------+-----
Long Blades    | 3 |  3.6
Armour         | 1 2 |  2.0
Dodging        | 3 |  3.1
Fighting       | |  3.5
Stealth        | |  1.7

Action                     |  1- 3 |  4- 6 || total
---------------------------+-------+-------++-------
  Melee: Falchion          |    84 |    76 ||   160
         Punch             |       |     2 ||     2
    Use: Potion            |     7 |     1 ||     8
         Scroll            |     4 |     3 ||     7
   Stab: Sleeping          |     2 |     1 ||     3
 Armour: Robe              |    14 |    16 ||    30
  Dodge: Dodged            |    54 |    85 ||   139

Table legend: (Time is in decaauts)
 A = Elapsed time spent in this place.
 B = Non-inter-level travel time spent in this place.
 C = Inter-level travel time spent in this place.
 D = Time resting spent in this place.
 E = Time spent auto-exploring this place.
 F = Levels seen in this place.
 G = Mean time per level.
                   A        B        C        D        E       F      G
               +--------+--------+--------+--------+--------+-----+--------+
         Total |   1643 |   1599 |     44 |      0 |   1228 |   3 |  547.7 |
       Dungeon |   1643 |   1599 |     44 |      0 |   1228 |   3 |  547.7 |
               +--------+--------+--------+--------+--------+-----+--------+

Top non-repeatable levels by time:
     D:2: 815 daAuts
     D:1: 605 daAuts
     D:3: 222 daAuts
